Knights vs Punishers
Created - January 28, 2019 at 07:10
Goals
|
Knights |
1 |
1 |
3 |
5 |
Punishers |
0 |
2 |
2 |
4 |
|
Shots
|
Knights |
15 |
7 |
10 |
32 |
Punishers |
14 |
4 |
14 |
32 |
|
1st period
1. Knights , Cody Bass 1 (Brandon Saad 14) at 7:07
Penalties :
Noel Acciari (Lon) for Tripping (Minor) at 4:04, Zach Trotman (Lon) for High sticking (Minor) at 18:19
2nd period
2. Punishers , Miikka Salomaki 21 (Trevor Van Riemsdyk 5, Mark Jankowski 10) at 13:35
3. Punishers , David Laliberté 19 (Zack Hamill 49, Robbie Earl 23) at 15:10
4. Knights , Tomas Kundratek 3 (Josh Bailey 18, Cody Bass 1) at 17:31
Penalties :
No Penalty
3rd period
5. Knights , Brett Connolly 1 (Noel Acciari 51, Jaccob Slavin 26) at 2:47
6. Knights , Brendan Gaunce 12 (Jared Spurgeon 30, Tomas Kundratek 23) at 11:36
7. Knights , Cody Bass 2 (Josh Bailey 19, Brandon Saad 15) at 12:07
8. Punishers , Adam Pelech 5 (Jordan Schmaltz 11) at 13:49
9. Punishers , Miikka Salomaki 22 (Garret Ross 7, Adam Pelech 16) at 17:40
Penalties :
Michael Raffl (Lon) for Interference (Minor) at 0:12, Brandon Saad (Lon) for Holding Stick (Minor) at 4:09, Brendan Gaunce (Lon) for Hooking (Minor) at 6:57, Jared Spurgeon (Lon) for Roughing (Minor) at 17:53
Goalie Stats
Magnus Hellberg (Lon), 28 saves from 32 shots - (0.875), W, 8-6-0, 60:00 minutes
Kristers Gudlevskis (Pro), 27 saves from 32 shots - (0.844), L, 8-14-2, 60:00 minutes
Players Stats for Knights
Player Name G A P +/- PIM S H SB GA TA FO MP PP MP PK MP
------------------------------------------------------------------------------------
Andreas Athanasiou 0 0 0 0 0 1 0 1 0 0 1/1 1:23 0:00 0:02
Brandon Saad 0 2 2 2 2 2 2 1 2 0 0/2 19:36 0:00 4:42
Brendan Gaunce 1 0 1 -1 2 1 0 1 1 1 9/10 12:52 0:00 1:13
Brett Connolly 1 0 1 1 0 3 1 0 0 0 0/0 6:03 0:00 0:00
Cody Bass 2 1 3 2 0 5 2 1 0 1 10/26 21:38 0:00 6:40
Collin Miller 0 0 0 -1 0 1 0 1 0 1 0/0 11:37 0:00 0:28
Jaccob Slavin 0 1 1 1 0 1 1 0 0 0 0/0 18:31 0:00 1:29
Jared Spurgeon 0 1 1 1 2 0 0 0 3 1 0/0 26:15 0:00 5:54
Jordan Martinook 0 0 0 -1 0 0 1 0 0 0 0/0 11:02 0:00 0:09
Josh Bailey 0 2 2 2 0 2 3 0 1 0 1/2 14:50 0:00 0:00
Linden Vey 0 0 0 -1 0 1 0 0 1 0 1/1 12:43 0:00 0:14
Michael Matheson 0 0 0 1 0 4 1 2 0 0 0/0 21:30 0:00 4:50
Michael Raffl 0 0 0 -1 2 2 0 1 0 1 0/1 22:06 0:00 5:33
Noel Acciari 0 1 1 0 2 4 2 1 0 1 15/31 22:04 0:00 3:45
Pavel Buchnevich 0 0 0 -1 0 2 0 0 0 0 0/0 15:23 0:00 0:00
Scott Wilson 0 0 0 1 0 1 0 0 0 0 0/1 8:14 0:00 1:30
Tomas Kundratek 1 1 2 1 0 1 1 1 0 0 0/0 27:21 0:00 7:04
Zach Trotman 0 0 0 -1 2 1 1 0 0 2 0/0 14:52 0:00 4:03
Players Stats for Punishers
Player Name G A P +/- PIM S H SB GA TA FO MP PP MP PK MP
------------------------------------------------------------------------------------
Adam Pelech 1 1 2 1 0 1 0 1 2 2 0/0 31:03 7:56 0:00
Boone Jenner 0 0 0 -2 0 0 2 0 0 0 8/17 18:15 4:52 0:00
Carter Ashton 0 0 0 0 0 0 0 0 0 0 0/0 1:25 0:28 0:00
Colton Gillies 0 0 0 -2 0 2 1 3 0 1 1/2 18:35 4:52 0:00
Dan Bertram 0 0 0 0 0 1 1 0 0 0 0/0 6:21 0:00 0:00
David Laliberté 1 0 1 1 0 1 1 0 0 0 2/2 24:10 6:36 0:00
Dylan DeMelo 0 0 0 1 0 1 1 0 0 0 0/0 9:28 0:00 0:00
Garret Ross 0 1 1 0 0 1 0 0 1 0 0/1 10:28 0:00 0:00
John Macfarland 0 0 0 0 0 0 0 0 0 0 0/1 1:00 0:22 0:00
Jordan Schmaltz 0 1 1 -2 0 0 2 3 1 2 0/0 29:46 7:56 0:00
Mark Jankowski 0 1 1 0 0 1 2 0 0 0 1/7 11:00 0:00 0:00
Mattias Tedenby 0 0 0 -2 0 5 1 1 2 0 0/0 18:38 4:55 0:00
Michael Joly 0 0 0 0 0 0 0 0 0 0 0/0 0:17 0:17 0:00
Miikka Salomaki 2 0 2 0 0 4 3 0 0 0 0/0 10:28 0:00 0:00
Patrick Wiercioch 0 0 0 -2 0 1 1 1 1 0 0/0 24:44 3:58 0:00
Radek Faksa 0 0 0 0 0 0 0 0 0 0 1/3 6:40 0:00 0:00
Robbie Earl 0 1 1 1 0 7 4 0 0 1 1/1 24:11 6:40 0:00
Trevor Van Riemsdyk 0 1 1 0 0 2 0 1 0 1 0/0 22:59 3:58 0:00
Tyler Bertuzzi 0 0 0 0 0 1 1 0 0 0 0/0 6:21 0:00 0:00
Zack Hamill 0 1 1 1 0 4 3 1 1 1 24/41 24:11 6:40 0:00
3 Stars
1 - Cody Bass (Lon)
2 - Miikka Salomaki (Pro)
3 - Tomas Kundratek (Lon)
Power Play
Knights - 0 on 0 Attempt(s) - 0.00%
Punishers - 0 on 6 Attempt(s) - 0.00%
Penalty Kill
Knights - 6 on 6 Attempt(s) - 100.00%
- Score 0 goal in Penalty Kill
Punishers - 0 on 0 Attempt(s) - 0.00%
- Score 0 goal in Penalty Kill
Team Stat
Knights - Hits : 15 - Faceoff Wins : 37 - Blocked Shots : 10 - Penalty Minutes : 12
Punishers - Hits : 23 - Faceoff Wins : 38 - Blocked Shots : 11 - Penalty Minutes : 0
Official
Referees : Unknown
Linesman : Unknown
Game Notes
Andreas Athanasiou is injured at 8:24 of 1st period (Left Leg)
Finance
Level 1 -- Attendance: 1471 (73.55%) -- Ticket Income $58,840
Level 2 -- Attendance: 713 (71.30%) -- Ticket Income $14,260
Total Attendance: 2184 (72.80%)
Total Ticket Income: $73,100
Other Income: $3,655
Total Income: $76,755
Knights
5 vs 5 Forward
Center Left Wing Right Wing Time % Phy DF OF
1 Noel Acciari Michael Raffl Pavel Buchnevich 40 1 2 2
2 Cody Bass Brandon Saad Josh Bailey 30 1 2 2
3 Brendan Gaunce Jordan Martinook Linden Vey 20 1 2 2
4 Andreas Athanasiou Scott Wilson Brett Connolly 10 1 2 2
5 vs 5 Defense
Defense Defense Time % Phy DF OF
1 Tomas Kundratek Jared Spurgeon 40 1 2 2
2 Jaccob Slavin Michael Matheson 30 1 1 3
3 Zach Trotman Collin Miller 20 1 2 2
4 Michael Matheson Jaccob Slavin 10 1 2 2
PowerPlay Forward
Center Left Wing Right Wing Time % Phy DF OF
1 Noel Acciari Michael Raffl Pavel Buchnevich 60 1 1 3
2 Brendan Gaunce Brandon Saad Josh Bailey 40 1 1 3
PowerPlay Defense
Defense Defense Time % Phy DF OF
1 Jaccob Slavin Jared Spurgeon 60 0 1 4
2 Michael Matheson Tomas Kundratek 40 0 1 4
Penalty Kill 4 Players Forward
Center Wing Time % Phy DF OF
1 Cody Bass Michael Raffl 60 1 3 1
2 Noel Acciari Brandon Saad 40 1 3 1
Penalty Kill 4 Players Defense
Defense Defense Time % Phy DF OF
1 Jared Spurgeon Tomas Kundratek 60 1 3 1
2 Michael Matheson Zach Trotman 40 1 3 1
Penalty Kill - 3 Players Forward
Forward Time % Phy DF OF
1 Michael Raffl 60 0 4 1
2 Linden Vey 40 0 4 1
Penalty Kill - 3 Players Defense
Defense Defense Time % Phy DF OF
1 Tomas Kundratek Michael Matheson 60 1 3 1
2 Jared Spurgeon Zach Trotman 40 1 3 1
4 vs 4 Forward
Center Wing Time % Phy DF OF
1 Noel Acciari Michael Raffl 60 1 2 2
2 Brendan Gaunce Pavel Buchnevich 40 1 2 2
4 vs 4 Defense
Defense Defense Time % Phy DF OF
1 Tomas Kundratek Jaccob Slavin 60 1 2 2
2 Michael Matheson Zach Trotman 40 1 2 2
Last Minutes Offensive
Center Left Wing Right Wing Defense Defense
Noel Acciari Michael Raffl Pavel Buchnevich Tomas Kundratek Jared Spurgeon
Last Minutes Defensive
Center Left Wing Right Wing Defense Defense
Noel Acciari Michael Raffl Josh Bailey Tomas Kundratek Jared Spurgeon
Goaltenders
Starting : Magnus Hellberg
Backup : Philippe Desrosiers
Extra Forwards
Normal : Noel Acciari, Linden Vey, Michael Raffl - PP : Noel Acciari, Michael Raffl - PK : Michael Raffl
Extra Defensemen
Normal : Jaccob Slavin, Tomas Kundratek, Michael Matheson - PP : Jaccob Slavin - PK : Jaccob Slavin, Michael Matheson
Penalty Shots
Michael Raffl, Noel Acciari, Pavel Buchnevich, Josh Bailey, Linden Vey
Scratches
Zach Nastasiuk (Healthy), Alan Quine (Healthy), Matt Puempel (Healthy), David Shields (Healthy), Matthew Benning (Healthy)
Matt Grzelcyk (Healthy), Trevor Moore (Healthy), Curtis Valk (Healthy), Anthony Louis (Healthy), Ludwig Bystrom (Healthy)
Travis Boyd (Healthy), Nicolas Petan (Healthy), Anton Blidh (Healthy), Tom Wilson (Suspend), A.J. Jenks (Healthy)
Connor Knapp (Healthy), Ben Scrivens (Healthy), Eamon McAdam (Healthy), Ville Husso (Healthy)
Punishers
5 vs 5 Forward
Center Left Wing Right Wing Time % Phy DF OF
1 Zack Hamill Robbie Earl David Laliberté 40 1 2 2
2 Boone Jenner Colton Gillies Mattias Tedenby 30 1 2 2
3 Mark Jankowski Garret Ross Miikka Salomaki 20 1 2 2
4 Radek Faksa Tyler Bertuzzi Dan Bertram 10 1 2 2
5 vs 5 Defense
Defense Defense Time % Phy DF OF
1 Adam Pelech Jordan Schmaltz 40 1 2 2
2 Patrick Wiercioch Trevor Van Riemsdyk 30 1 2 2
3 Dylan DeMelo Adam Pelech 20 1 2 2
4 Jordan Schmaltz Patrick Wiercioch 10 1 2 2
PowerPlay Forward
Center Left Wing Right Wing Time % Phy DF OF
1 Zack Hamill Robbie Earl David Laliberté 60 1 2 2
2 Boone Jenner Colton Gillies Mattias Tedenby 40 1 2 2
PowerPlay Defense
Defense Defense Time % Phy DF OF
1 Adam Pelech Jordan Schmaltz 60 1 2 2
2 Patrick Wiercioch Trevor Van Riemsdyk 40 1 2 2
Penalty Kill 4 Players Forward
Center Wing Time % Phy DF OF
1 Zack Hamill Robbie Earl 60 1 2 2
2 David Laliberté Mattias Tedenby 40 1 2 2
Penalty Kill 4 Players Defense
Defense Defense Time % Phy DF OF
1 Adam Pelech Jordan Schmaltz 60 1 2 2
2 Patrick Wiercioch Trevor Van Riemsdyk 40 1 2 2
Penalty Kill - 3 Players Forward
Forward Time % Phy DF OF
1 Zack Hamill 60 1 2 2
2 Robbie Earl 40 1 2 2
Penalty Kill - 3 Players Defense
Defense Defense Time % Phy DF OF
1 Adam Pelech Jordan Schmaltz 60 1 2 2
2 Patrick Wiercioch Trevor Van Riemsdyk 40 1 2 2
4 vs 4 Forward
Center Wing Time % Phy DF OF
1 Zack Hamill Robbie Earl 60 1 2 2
2 David Laliberté Mattias Tedenby 40 1 2 2
4 vs 4 Defense
Defense Defense Time % Phy DF OF
1 Adam Pelech Jordan Schmaltz 60 1 2 2
2 Patrick Wiercioch Trevor Van Riemsdyk 40 1 2 2
Last Minutes Offensive
Center Left Wing Right Wing Defense Defense
Zack Hamill Robbie Earl David Laliberté Adam Pelech Jordan Schmaltz
Last Minutes Defensive
Center Left Wing Right Wing Defense Defense
Zack Hamill Robbie Earl David Laliberté Adam Pelech Jordan Schmaltz
Goaltenders
Starting : Kristers Gudlevskis
Backup : Louis Domingue
Extra Forwards
Normal : Carter Ashton, John Macfarland, Michael Joly - PP : Carter Ashton, John Macfarland - PK : Michael Joly
Extra Defensemen
Normal : Dylan DeMelo, Trevor Van Riemsdyk, Adam Pelech - PP : Dylan DeMelo - PK : Trevor Van Riemsdyk, Adam Pelech
Penalty Shots
Zack Hamill, Robbie Earl, David Laliberté, Mattias Tedenby, Boone Jenner
Scratches
Madison Bowey (Back Spasms Injury), Daniel Altshuller (Healthy)
% Time on Ice - Knights
Lines # - Real PCT - Wanted PCT - Time Play
Normal Forward
1 - 34% - 40% - 16:20
2 - 31% - 30% - 14:48
3 - 23% - 20% - 10:53
4 - 13% - 10% - 6:03
Normal Defense
1 - 42% - 40% - 20:17
2 - 30% - 30% - 14:26
3 - 22% - 20% - 10:25
4 - 6% - 10% - 2:56
PP Forward
1 - 0% - 60%
2 - 0% - 40%
PP Defense
1 - 0% - 60%
2 - 0% - 40%
PK Forward
1 - 77% - 60% - 9:09
2 - 23% - 40% - 2:45
PK Defense
1 - 59% - 60% - 7:04
2 - 41% - 40% - 4:50
PK3 Forward
1 - 0% - 60%
2 - 0% - 40%
PK3 Defense
1 - 0% - 60%
2 - 0% - 40%
44 Forward
1 - 0% - 60%
2 - 0% - 40%
44 Defense
1 - 0% - 60%
2 - 0% - 40%
Last Minute Offensive - 0:00
Last Minute Defensive - 0:02
Total
Forward - 60:00
Defense - 60:00
|
% Time on Ice - Punishers
Lines # - Real PCT - Wanted PCT - Time Play
Normal Forward
1 - 36% - 40% - 17:29
2 - 29% - 30% - 13:43
3 - 22% - 20% - 10:28
4 - 13% - 10% - 6:21
Normal Defense
1 - 36% - 40% - 17:18
2 - 36% - 30% - 17:22
3 - 19% - 20% - 9:14
4 - 9% - 10% - 4:07
PP Forward
1 - 59% - 60% - 6:59
2 - 41% - 40% - 4:55
PP Defense
1 - 67% - 60% - 7:56
2 - 33% - 40% - 3:58
PK Forward
1 - 0% - 60%
2 - 0% - 40%
PK Defense
1 - 0% - 60%
2 - 0% - 40%
PK3 Forward
1 - 0% - 60%
2 - 0% - 40%
PK3 Defense
1 - 0% - 60%
2 - 0% - 40%
44 Forward
1 - 0% - 60%
2 - 0% - 40%
44 Defense
1 - 0% - 60%
2 - 0% - 40%
Last Minute Offensive - 0:05
Last Minute Defensive - 0:00
Total
Forward - 60:00
Defense - 60:00
|
Play-by-Play
1st period
0:01 of 1st period - Zack Hamill wins face-off versus Noel Acciari in neutral zone.
0:26 of 1st period - Colton Gillies is hit by Josh Bailey.
0:54 of 1st period - Wrist shot by Garret Ross.
0:54 of 1st period - Shot Blocked by Michael Matheson.
1:14 of 1st period - Slapshot by Tyler Bertuzzi.
1:14 of 1st period - Stopped by Magnus Hellberg with a rebound.
1:16 of 1st period - Slapshot by Dan Bertram.
1:16 of 1st period - Shot Misses the Net.
1:32 of 1st period - Slapshot by Michael Raffl.
1:32 of 1st period - Stopped by Kristers Gudlevskis without a rebound.
1:33 of 1st period - Zack Hamill wins face-off versus Noel Acciari in Punishers zone.
1:44 of 1st period - Off-side.
1:45 of 1st period - Boone Jenner wins face-off versus Cody Bass in neutral zone.
1:47 of 1st period - Off-side.
1:48 of 1st period - Josh Bailey wins face-off versus Boone Jenner in neutral zone.
2:21 of 1st period - Backhand shot by Zack Hamill.
2:21 of 1st period - Stopped by Magnus Hellberg with a rebound.
2:23 of 1st period - Snap shot by Robbie Earl.
2:23 of 1st period - Stopped by Magnus Hellberg without a rebound.
2:24 of 1st period - Brendan Gaunce wins face-off versus Mark Jankowski in Knights zone.
2:39 of 1st period - Snap shot by Brendan Gaunce.
2:39 of 1st period - Shot Misses the Net.
2:56 of 1st period - Pavel Buchnevich is hit by Robbie Earl.
3:32 of 1st period - Wrist shot by Brett Connolly.
3:32 of 1st period - Stopped by Kristers Gudlevskis with a rebound.
3:34 of 1st period - Slapshot by Collin Miller.
3:34 of 1st period - Stopped by Kristers Gudlevskis with a rebound.
3:36 of 1st period - Slapshot by Zach Trotman.
3:36 of 1st period - Shot Misses the Net.
3:38 of 1st period - Snap shot by Andreas Athanasiou.
3:38 of 1st period - Stopped by Kristers Gudlevskis with a rebound.
3:40 of 1st period - Slapshot by Zach Trotman.
3:40 of 1st period - Stopped by Kristers Gudlevskis without a rebound.
3:41 of 1st period - Noel Acciari wins face-off versus Zack Hamill in Punishers zone.
3:42 of 1st period - Slapshot by Michael Raffl.
3:42 of 1st period - Deflect By Noel Acciari.
3:42 of 1st period - Shot Misses the Net.
3:42 of 1st period - Puck is out of play.
3:43 of 1st period - Zack Hamill wins face-off versus Noel Acciari in Punishers zone.
3:43 of 1st period - Zack Hamill is hit by Noel Acciari.
4:04 of 1st period - Minor Penalty to Noel Acciari for Tripping.
4:05 of 1st period - Zack Hamill wins face-off versus Cody Bass in Knights zone.
4:08 of 1st period - Slapshot by Robbie Earl.
4:08 of 1st period - Stopped by Magnus Hellberg without a rebound.
4:09 of 1st period - Cody Bass wins face-off versus Zack Hamill in Knights zone.
4:22 of 1st period - Slapshot by David Laliberté.
4:22 of 1st period - Deflect By Zack Hamill.
4:22 of 1st period - Shot Misses the Net.
4:22 of 1st period - Puck is out of play.
4:23 of 1st period - Zack Hamill wins face-off versus Cody Bass in Knights zone.
4:30 of 1st period - Snap shot by David Laliberté.
4:30 of 1st period - Shot Blocked by Tomas Kundratek.
4:32 of 1st period - Slapshot by Robbie Earl.
4:32 of 1st period - Stopped by Magnus Hellberg with a rebound.
4:34 of 1st period - Slapshot by Adam Pelech.
4:34 of 1st period - Shot Misses the Net.
4:36 of 1st period - Slapshot by Jordan Schmaltz.
4:36 of 1st period - Shot Misses the Net.
4:48 of 1st period - Tomas Kundratek is hit by Boone Jenner and loses puck.
4:53 of 1st period - Snap shot by Mattias Tedenby.
4:53 of 1st period - Stopped by Magnus Hellberg with a rebound.
6:04 of 1st period - Penalty to Noel Acciari is over, Noel Acciari is back on ice.
6:12 of 1st period - Snap shot by Scott Wilson.
6:12 of 1st period - Stopped by Kristers Gudlevskis with a rebound.
6:14 of 1st period - Slapshot by Jaccob Slavin.
6:14 of 1st period - Stopped by Kristers Gudlevskis without a rebound.
6:15 of 1st period - Andreas Athanasiou wins face-off versus Mark Jankowski in Punishers zone.
6:30 of 1st period - Slapshot by Jaccob Slavin.
6:30 of 1st period - Shot Blocked by Adam Pelech.
6:32 of 1st period - Wrist shot by Brett Connolly.
6:32 of 1st period - Stopped by Kristers Gudlevskis without a rebound.
6:33 of 1st period - Noel Acciari wins face-off versus Boone Jenner in Punishers zone.
7:05 of 1st period - Wrist shot by Brandon Saad.
7:05 of 1st period - Shot Misses the Net.
7:07 of 1st period - Snap shot by Cody Bass.
7:07 of 1st period - Goal by Cody Bass - Knights : 1 - Punishers : 0.
7:08 of 1st period - Zack Hamill wins face-off versus Noel Acciari in neutral zone.
7:33 of 1st period - Tomas Kundratek is hit by Boone Jenner and loses puck.
8:03 of 1st period - Garret Ross is hit by Michael Matheson and loses puck.
8:24 of 1st period - Slapshot by Adam Pelech.
8:24 of 1st period - Shot Blocked by Andreas Athanasiou.
8:24 of 1st period - Andreas Athanasiou from Knights is injured at 8:24 of 1st period (Left Leg).
8:25 of 1st period - Noel Acciari wins face-off versus Zack Hamill in Knights zone.
8:58 of 1st period - Wrist shot by Zack Hamill.
8:58 of 1st period - Stopped by Magnus Hellberg with a rebound.
9:35 of 1st period - Jordan Schmaltz is hit by Noel Acciari and loses puck.
9:56 of 1st period - Zach Trotman is hit by Dan Bertram.
10:13 of 1st period - Icing by Brett Connolly.
10:14 of 1st period - Brendan Gaunce wins face-off versus Boone Jenner in Knights zone.
10:48 of 1st period - Wrist shot by Pavel Buchnevich.
10:48 of 1st period - Shot Blocked by Zack Hamill.
10:50 of 1st period - Wrist shot by Noel Acciari.
10:50 of 1st period - Shot Misses the Net.
10:52 of 1st period - Snap shot by Jaccob Slavin.
10:52 of 1st period - Deflect By Pavel Buchnevich.
10:52 of 1st period - Stopped by Kristers Gudlevskis without a rebound.
10:53 of 1st period - Cody Bass wins face-off versus Boone Jenner in Punishers zone.
11:26 of 1st period - Wrist shot by Michael Raffl.
11:26 of 1st period - Stopped by Kristers Gudlevskis without a rebound.
11:27 of 1st period - Zack Hamill wins face-off versus Brandon Saad in Punishers zone.
11:29 of 1st period - Icing by David Laliberté.
11:30 of 1st period - Cody Bass wins face-off versus Zack Hamill in Punishers zone.
11:37 of 1st period - Trevor Van Riemsdyk is hit by Cody Bass and loses puck.
11:46 of 1st period - Wrist shot by Cody Bass.
11:46 of 1st period - Stopped by Kristers Gudlevskis without a rebound.
11:47 of 1st period - Colton Gillies wins face-off versus Noel Acciari in Punishers zone.
11:54 of 1st period - Slapshot by Mattias Tedenby.
11:54 of 1st period - Stopped by Magnus Hellberg without a rebound.
11:55 of 1st period - Noel Acciari wins face-off versus Boone Jenner in Knights zone.
12:10 of 1st period - Slapshot by Jared Spurgeon.
12:10 of 1st period - Shot Blocked by Colton Gillies.
12:30 of 1st period - Snap shot by Mattias Tedenby.
12:30 of 1st period - Stopped by Magnus Hellberg with a rebound.
12:32 of 1st period - Slapshot by Dylan DeMelo.
12:32 of 1st period - Stopped by Magnus Hellberg without a rebound.
12:33 of 1st period - Zack Hamill wins face-off versus Cody Bass in Knights zone.
12:34 of 1st period - Slapshot by Robbie Earl.
12:34 of 1st period - Deflect By Zack Hamill.
12:34 of 1st period - Shot Blocked by Brandon Saad.
12:34 of 1st period - Puck is out of play.
12:35 of 1st period - David Laliberté wins face-off versus Josh Bailey in Knights zone.
12:38 of 1st period - Wrist shot by Zack Hamill.
12:38 of 1st period - Shot Misses the Net.
12:40 of 1st period - Slapshot by Zack Hamill.
12:40 of 1st period - Stopped by Magnus Hellberg with a rebound.
12:42 of 1st period - Snap shot by Zack Hamill.
12:42 of 1st period - Shot Misses the Net.
12:46 of 1st period - Wrist shot by Zack Hamill.
12:46 of 1st period - Shot Blocked by Michael Matheson.
12:48 of 1st period - Snap shot by Robbie Earl.
12:48 of 1st period - Stopped by Magnus Hellberg with a rebound.
12:50 of 1st period - Wrist shot by Robbie Earl.
12:50 of 1st period - Stopped by Magnus Hellberg with a rebound.
12:57 of 1st period - Icing by Michael Matheson.
12:58 of 1st period - Brendan Gaunce wins face-off versus Mark Jankowski in Knights zone.
13:05 of 1st period - Michael Matheson is hit by Miikka Salomaki.
13:09 of 1st period - Jaccob Slavin is hit by Miikka Salomaki and loses puck.
13:41 of 1st period - Snap shot by Garret Ross.
13:41 of 1st period - Stopped by Magnus Hellberg without a rebound.
13:42 of 1st period - Zack Hamill wins face-off versus Noel Acciari in Knights zone.
14:35 of 1st period - Slapshot by Jared Spurgeon.
14:35 of 1st period - Deflect By Brett Connolly.
14:35 of 1st period - Shot Blocked by Jordan Schmaltz.
14:35 of 1st period - Puck is out of play.
14:36 of 1st period - Linden Vey wins face-off versus Radek Faksa in Punishers zone.
14:37 of 1st period - Slapshot by Scott Wilson.
14:37 of 1st period - Shot Blocked by Trevor Van Riemsdyk.
14:39 of 1st period - Slapshot by Michael Matheson.
14:39 of 1st period - Stopped by Kristers Gudlevskis with a rebound.
14:41 of 1st period - Backhand shot by Linden Vey.
14:41 of 1st period - Shot Blocked by Patrick Wiercioch.
14:52 of 1st period - Icing by Trevor Van Riemsdyk.
14:53 of 1st period - Noel Acciari wins face-off versus Radek Faksa in Punishers zone.
15:18 of 1st period - Zach Trotman is hit by Robbie Earl and loses puck.
15:46 of 1st period - Off-side.
15:47 of 1st period - Brendan Gaunce wins face-off versus Boone Jenner in neutral zone.
15:55 of 1st period - Icing by Adam Pelech.
15:56 of 1st period - Boone Jenner wins face-off versus Michael Raffl in Punishers zone.
16:00 of 1st period - Off-side.
16:01 of 1st period - Zack Hamill wins face-off versus Noel Acciari in neutral zone.
16:26 of 1st period - Adam Pelech is hit by Josh Bailey and loses puck.
16:35 of 1st period - Michael Matheson is hit by Miikka Salomaki and loses puck.
17:14 of 1st period - Wrist shot by Jaccob Slavin.
17:14 of 1st period - Shot Blocked by Colton Gillies.
17:42 of 1st period - Michael Raffl is hit by Mark Jankowski and loses puck.
18:04 of 1st period - Icing by Trevor Van Riemsdyk.
18:05 of 1st period - Brendan Gaunce wins face-off versus Mark Jankowski in Punishers zone.
18:06 of 1st period - Wrist shot by Linden Vey.
18:06 of 1st period - Stopped by Kristers Gudlevskis without a rebound.
18:07 of 1st period - Zack Hamill wins face-off versus Cody Bass in Punishers zone.
18:19 of 1st period - Minor Penalty to Zach Trotman for High sticking.
18:20 of 1st period - Cody Bass wins face-off versus Zack Hamill in Knights zone.
19:01 of 1st period - Wrist shot by Brandon Saad.
19:01 of 1st period - Stopped by Kristers Gudlevskis with a rebound.
Goals for this period are 1 for Knights vs 0 for Punishers.
Shots for this period are 15 for Knights vs 14 for Punishers.
2nd period
0:01 of 2nd period - Zack Hamill wins face-off versus Cody Bass in neutral zone.
0:15 of 2nd period - Snap shot by David Laliberté.
0:15 of 2nd period - Shot Misses the Net.
0:19 of 2nd period - Penalty to Zach Trotman is over, Zach Trotman is back on ice.
2:11 of 2nd period - Icing by Miikka Salomaki.
2:12 of 2nd period - Cody Bass wins face-off versus Zack Hamill in Punishers zone.
2:28 of 2nd period - Off-side.
2:29 of 2nd period - Boone Jenner wins face-off versus Noel Acciari in neutral zone.
2:58 of 2nd period - Off-side.
2:59 of 2nd period - Noel Acciari wins face-off versus Zack Hamill in neutral zone.
3:09 of 2nd period - Snap shot by Zack Hamill.
3:09 of 2nd period - Shot Misses the Net.
3:11 of 2nd period - Slapshot by Patrick Wiercioch.
3:11 of 2nd period - Shot Blocked by Noel Acciari.
3:52 of 2nd period - Linden Vey is hit by Robbie Earl and loses puck.
6:12 of 2nd period - Michael Raffl is hit by Mattias Tedenby and loses puck.
6:35 of 2nd period - Mark Jankowski is hit by Zach Trotman.
7:58 of 2nd period - Icing by Collin Miller.
7:59 of 2nd period - Cody Bass wins face-off versus John Macfarland in Knights zone.
8:25 of 2nd period - Icing by Cody Bass.
8:26 of 2nd period - Zack Hamill wins face-off versus Cody Bass in Knights zone.
8:53 of 2nd period - Snap shot by Cody Bass.
8:53 of 2nd period - Stopped by Kristers Gudlevskis with a rebound.
10:05 of 2nd period - Zach Trotman is hit by Mark Jankowski.
10:29 of 2nd period - Dylan DeMelo is hit by Brett Connolly and loses puck.
10:36 of 2nd period - Brett Connolly is hit by Colton Gillies and loses puck.
11:00 of 2nd period - Noel Acciari is hit by Robbie Earl and loses puck.
11:20 of 2nd period - Tyler Bertuzzi is hit by Cody Bass and loses puck.
12:27 of 2nd period - Michael Raffl is hit by Tyler Bertuzzi and loses puck.
12:47 of 2nd period - Jaccob Slavin is hit by David Laliberté and loses puck.
13:12 of 2nd period - Colton Gillies is hit by Jordan Martinook and loses puck.
13:29 of 2nd period - Snap shot by Trevor Van Riemsdyk.
13:29 of 2nd period - Stopped by Magnus Hellberg with a rebound.
13:31 of 2nd period - Slapshot by Trevor Van Riemsdyk.
13:31 of 2nd period - Shot Misses the Net.
13:33 of 2nd period - Slapshot by Trevor Van Riemsdyk.
13:33 of 2nd period - Shot Blocked by Collin Miller.
13:35 of 2nd period - Wrist shot by Miikka Salomaki.
13:35 of 2nd period - Goal by Miikka Salomaki - Knights : 1 - Punishers : 1.
13:36 of 2nd period - Zack Hamill wins face-off versus Cody Bass in neutral zone.
14:25 of 2nd period - Miikka Salomaki is hit by Jaccob Slavin and loses puck.
15:10 of 2nd period - Snap shot by David Laliberté.
15:10 of 2nd period - Goal by David Laliberté - Knights : 1 - Punishers : 2.
15:11 of 2nd period - Noel Acciari wins face-off versus Zack Hamill in neutral zone.
15:20 of 2nd period - Snap shot by Noel Acciari.
15:20 of 2nd period - Stopped by Kristers Gudlevskis without a rebound.
15:21 of 2nd period - Noel Acciari wins face-off versus Zack Hamill in Punishers zone.
15:30 of 2nd period - Snap shot by Pavel Buchnevich.
15:30 of 2nd period - Deflect By Noel Acciari.
15:30 of 2nd period - Stopped by Kristers Gudlevskis with a rebound.
15:32 of 2nd period - Wrist shot by Pavel Buchnevich.
15:32 of 2nd period - Stopped by Kristers Gudlevskis without a rebound.
15:33 of 2nd period - Noel Acciari wins face-off versus Zack Hamill in Punishers zone.
15:46 of 2nd period - Slapshot by David Laliberté.
15:46 of 2nd period - Shot Misses the Net.
15:48 of 2nd period - Slapshot by Zack Hamill.
15:48 of 2nd period - Shot Misses the Net.
16:18 of 2nd period - Slapshot by Miikka Salomaki.
16:18 of 2nd period - Stopped by Magnus Hellberg with a rebound.
17:25 of 2nd period - Slapshot by Michael Matheson.
17:25 of 2nd period - Deflect By Josh Bailey.
17:25 of 2nd period - Stopped by Kristers Gudlevskis without a rebound.
17:26 of 2nd period - Cody Bass wins face-off versus Boone Jenner in Punishers zone.
17:29 of 2nd period - Snap shot by Josh Bailey.
17:29 of 2nd period - Shot Blocked by Mattias Tedenby.
17:31 of 2nd period - Slapshot by Tomas Kundratek.
17:31 of 2nd period - Goal by Tomas Kundratek - Knights : 2 - Punishers : 2.
17:32 of 2nd period - Zack Hamill wins face-off versus Noel Acciari in neutral zone.
18:03 of 2nd period - Wrist shot by Boone Jenner.
18:03 of 2nd period - Shot Misses the Net.
18:39 of 2nd period - Snap shot by Michael Matheson.
18:39 of 2nd period - Stopped by Kristers Gudlevskis without a rebound.
18:40 of 2nd period - Radek Faksa wins face-off versus Noel Acciari in Punishers zone.
19:35 of 2nd period - Jordan Schmaltz is hit by Tomas Kundratek and loses puck.
Goals for this period are 1 for Knights vs 2 for Punishers.
Shots for this period are 7 for Knights vs 4 for Punishers.
3rd period
0:01 of 3rd period - Noel Acciari wins face-off versus Zack Hamill in neutral zone.
0:12 of 3rd period - Minor Penalty to Michael Raffl for Interference.
0:13 of 3rd period - Zack Hamill wins face-off versus Brandon Saad in Knights zone.
0:17 of 3rd period - Wrist shot by Robbie Earl.
0:17 of 3rd period - Stopped by Magnus Hellberg without a rebound.
0:18 of 3rd period - Cody Bass wins face-off versus Zack Hamill in Knights zone.
0:52 of 3rd period - Wrist shot by Jordan Schmaltz.
0:52 of 3rd period - Deflect By Mattias Tedenby.
0:52 of 3rd period - Shot Misses the Net.
0:52 of 3rd period - Puck is out of play.
0:53 of 3rd period - Cody Bass wins face-off versus Boone Jenner in Knights zone.
1:30 of 3rd period - Snap shot by Patrick Wiercioch.
1:30 of 3rd period - Deflect By Scott Wilson.
1:30 of 3rd period - Stopped by Magnus Hellberg without a rebound.
1:31 of 3rd period - Boone Jenner wins face-off versus Noel Acciari in Knights zone.
1:38 of 3rd period - Snap shot by Tomas Kundratek.
1:38 of 3rd period - Deflect By Scott Wilson.
1:38 of 3rd period - Deflect By Adam Pelech.
1:38 of 3rd period - Shot Misses the Net.
1:38 of 3rd period - Puck is out of play.
1:39 of 3rd period - Zack Hamill wins face-off versus Cody Bass in Punishers zone.
1:52 of 3rd period - Wrist shot by Robbie Earl.
1:52 of 3rd period - Shot Misses the Net.
1:54 of 3rd period - Slapshot by Jordan Schmaltz.
1:54 of 3rd period - Shot Misses the Net.
2:10 of 3rd period - Wrist shot by Mattias Tedenby.
2:10 of 3rd period - Shot Blocked by Cody Bass.
2:12 of 3rd period - Penalty to Michael Raffl is over, Michael Raffl is back on ice.
2:12 of 3rd period - Wrist shot by Colton Gillies.
2:12 of 3rd period - Stopped by Magnus Hellberg with a rebound.
2:14 of 3rd period - Wrist shot by Boone Jenner.
2:14 of 3rd period - Shot Misses the Net.
2:47 of 3rd period - Snap shot by Noel Acciari.
2:47 of 3rd period - Deflect By Brett Connolly.
2:47 of 3rd period - Goal by Brett Connolly - Knights : 3 - Punishers : 2.
2:48 of 3rd period - Zack Hamill wins face-off versus Noel Acciari in neutral zone.
2:50 of 3rd period - Off-side.
2:51 of 3rd period - Noel Acciari wins face-off versus Zack Hamill in neutral zone.
2:54 of 3rd period - Slapshot by Michael Matheson.
2:54 of 3rd period - Shot Blocked by Jordan Schmaltz.
3:04 of 3rd period - Slapshot by Zack Hamill.
3:04 of 3rd period - Stopped by Magnus Hellberg with a rebound.
3:18 of 3rd period - Slapshot by Josh Bailey.
3:18 of 3rd period - Stopped by Kristers Gudlevskis without a rebound.
3:19 of 3rd period - Boone Jenner wins face-off versus Cody Bass in Punishers zone.
3:43 of 3rd period - Colton Gillies is hit by Brandon Saad and loses puck.
4:09 of 3rd period - Minor Penalty to Brandon Saad for Holding Stick.
4:10 of 3rd period - David Laliberté wins face-off versus Cody Bass in Knights zone.
4:10 of 3rd period - Snap shot by Zack Hamill.
4:10 of 3rd period - Shot Misses the Net.
4:12 of 3rd period - Snap shot by Zack Hamill.
4:12 of 3rd period - Shot Blocked by Michael Raffl.
6:09 of 3rd period - Penalty to Brandon Saad is over, Brandon Saad is back on ice.
6:35 of 3rd period - Snap shot by Dan Bertram.
6:35 of 3rd period - Stopped by Magnus Hellberg with a rebound.
6:37 of 3rd period - Backhand shot by Trevor Van Riemsdyk.
6:37 of 3rd period - Shot Misses the Net.
6:39 of 3rd period - Slapshot by Trevor Van Riemsdyk.
6:39 of 3rd period - Stopped by Magnus Hellberg without a rebound.
6:40 of 3rd period - Brendan Gaunce wins face-off versus Garret Ross in Knights zone.
6:51 of 3rd period - Snap shot by Miikka Salomaki.
6:51 of 3rd period - Stopped by Magnus Hellberg with a rebound.
6:53 of 3rd period - Slapshot by Adam Pelech.
6:53 of 3rd period - Shot Misses the Net.
6:55 of 3rd period - Snap shot by Mark Jankowski.
6:55 of 3rd period - Stopped by Magnus Hellberg with a rebound.
6:57 of 3rd period - Minor Penalty to Brendan Gaunce for Hooking.
6:58 of 3rd period - Robbie Earl wins face-off versus Cody Bass in Knights zone.
7:28 of 3rd period - Snap shot by Michael Raffl.
7:28 of 3rd period - Shot Misses the Net.
7:30 of 3rd period - Slapshot by Michael Matheson.
7:30 of 3rd period - Stopped by Kristers Gudlevskis with a rebound.
7:32 of 3rd period - Slapshot by Michael Matheson.
7:32 of 3rd period - Shot Blocked by Jordan Schmaltz.
7:34 of 3rd period - Snap shot by Michael Raffl.
7:34 of 3rd period - Shot Misses the Net.
8:57 of 3rd period - Penalty to Brendan Gaunce is over, Brendan Gaunce is back on ice.
9:21 of 3rd period - Brendan Gaunce is hit by Dylan DeMelo.
9:35 of 3rd period - Wrist shot by Brendan Gaunce.
9:35 of 3rd period - Shot Misses the Net.
9:37 of 3rd period - Snap shot by Scott Wilson.
9:37 of 3rd period - Deflect By Noel Acciari.
9:37 of 3rd period - Stopped by Kristers Gudlevskis without a rebound.
9:38 of 3rd period - Mark Jankowski wins face-off versus Cody Bass in Punishers zone.
9:43 of 3rd period - Josh Bailey is hit by Jordan Schmaltz and loses puck.
10:08 of 3rd period - Icing by Boone Jenner.
10:09 of 3rd period - Boone Jenner wins face-off versus Scott Wilson in Punishers zone.
10:14 of 3rd period - Michael Matheson is hit by Patrick Wiercioch and loses puck.
10:21 of 3rd period - Wrist shot by Colton Gillies.
10:21 of 3rd period - Stopped by Magnus Hellberg without a rebound.
10:22 of 3rd period - Zack Hamill wins face-off versus Cody Bass in Knights zone.
10:29 of 3rd period - Wrist shot by Cody Bass.
10:29 of 3rd period - Shot Misses the Net.
10:34 of 3rd period - Off-side.
10:35 of 3rd period - Noel Acciari wins face-off versus Zack Hamill in neutral zone.
10:48 of 3rd period - Wrist shot by Noel Acciari.
10:48 of 3rd period - Stopped by Kristers Gudlevskis without a rebound.
10:49 of 3rd period - Noel Acciari wins face-off versus Zack Hamill in Punishers zone.
10:50 of 3rd period - Wrist shot by Pavel Buchnevich.
10:50 of 3rd period - Shot Misses the Net.
10:56 of 3rd period - Pavel Buchnevich is hit by Jordan Schmaltz and loses puck.
11:15 of 3rd period - Mattias Tedenby is hit by Brandon Saad and loses puck.
11:24 of 3rd period - Slapshot by Patrick Wiercioch.
11:24 of 3rd period - Shot Misses the Net.
11:36 of 3rd period - Slapshot by Jared Spurgeon.
11:36 of 3rd period - Deflect By Brendan Gaunce.
11:36 of 3rd period - Goal by Brendan Gaunce - Knights : 4 - Punishers : 2.
11:37 of 3rd period - Zack Hamill wins face-off versus Noel Acciari in neutral zone.
11:48 of 3rd period - Slapshot by Michael Matheson.
11:48 of 3rd period - Stopped by Kristers Gudlevskis with a rebound.
12:07 of 3rd period - Wrist shot by Cody Bass.
12:07 of 3rd period - Goal by Cody Bass - Knights : 5 - Punishers : 2.
12:08 of 3rd period - Zack Hamill wins face-off versus Noel Acciari in neutral zone.
12:10 of 3rd period - Off-side.
12:11 of 3rd period - Zack Hamill wins face-off versus Noel Acciari in neutral zone.
12:14 of 3rd period - Slapshot by Robbie Earl.
12:14 of 3rd period - Shot Misses the Net.
12:38 of 3rd period - Snap shot by Boone Jenner.
12:38 of 3rd period - Shot Misses the Net.
12:40 of 3rd period - Wrist shot by Boone Jenner.
12:40 of 3rd period - Deflect By Mattias Tedenby.
12:40 of 3rd period - Shot Misses the Net.
12:40 of 3rd period - Puck is out of play.
12:41 of 3rd period - Boone Jenner wins face-off versus Noel Acciari in Knights zone.
12:56 of 3rd period - Slapshot by Mattias Tedenby.
12:56 of 3rd period - Deflect By Noel Acciari.
12:56 of 3rd period - Shot Misses the Net.
12:56 of 3rd period - Puck is out of play.
12:57 of 3rd period - Zack Hamill wins face-off versus Cody Bass in Knights zone.
13:33 of 3rd period - Backhand shot by Noel Acciari.
13:33 of 3rd period - Deflect By Michael Raffl.
13:33 of 3rd period - Shot Misses the Net.
13:33 of 3rd period - Puck is out of play.
13:34 of 3rd period - Zack Hamill wins face-off versus Brendan Gaunce in Punishers zone.
13:49 of 3rd period - Slapshot by Adam Pelech.
13:49 of 3rd period - Goal by Adam Pelech - Knights : 5 - Punishers : 3.
13:50 of 3rd period - Noel Acciari wins face-off versus Zack Hamill in neutral zone.
14:17 of 3rd period - Boone Jenner is hit by Josh Bailey.
14:27 of 3rd period - Wrist shot by Mattias Tedenby.
14:27 of 3rd period - Stopped by Magnus Hellberg without a rebound.
14:28 of 3rd period - Brendan Gaunce wins face-off versus Zack Hamill in Knights zone.
14:28 of 3rd period - Brendan Gaunce is hit by Zack Hamill.
15:30 of 3rd period - Collin Miller is hit by Zack Hamill and loses puck.
16:32 of 3rd period - Snap shot by Robbie Earl.
16:32 of 3rd period - Stopped by Magnus Hellberg without a rebound.
16:33 of 3rd period - Brendan Gaunce wins face-off versus Mark Jankowski in Knights zone.
17:01 of 3rd period - Slapshot by Jared Spurgeon.
17:01 of 3rd period - Shot Blocked by Colton Gillies.
17:03 of 3rd period - Snap shot by Brandon Saad.
17:03 of 3rd period - Stopped by Kristers Gudlevskis with a rebound.
17:05 of 3rd period - Slapshot by Cody Bass.
17:05 of 3rd period - Stopped by Kristers Gudlevskis without a rebound.
17:06 of 3rd period - Boone Jenner wins face-off versus Cody Bass in Punishers zone.
17:13 of 3rd period - Snap shot by Colton Gillies.
17:13 of 3rd period - Shot Misses the Net.
17:17 of 3rd period - Wrist shot by Mattias Tedenby.
17:17 of 3rd period - Stopped by Magnus Hellberg with a rebound.
17:21 of 3rd period - Slapshot by Boone Jenner.
17:21 of 3rd period - Shot Misses the Net.
17:40 of 3rd period - Snap shot by Miikka Salomaki.
17:40 of 3rd period - Goal by Miikka Salomaki - Knights : 5 - Punishers : 4.
17:41 of 3rd period - Brendan Gaunce wins face-off versus Mark Jankowski in neutral zone.
17:51 of 3rd period - Wrist shot by Garret Ross.
17:51 of 3rd period - Shot Blocked by Brendan Gaunce.
17:53 of 3rd period - Minor Penalty to Jared Spurgeon for Roughing.
17:54 of 3rd period - Cody Bass wins face-off versus Colton Gillies in Knights zone.
18:25 of 3rd period - Tomas Kundratek is hit by Zack Hamill and loses puck.
19:23 of 3rd period - Icing by Zack Hamill.
19:24 of 3rd period - Noel Acciari wins face-off versus Boone Jenner in Punishers zone.
19:53 of 3rd period - Penalty to Jared Spurgeon is over, Jared Spurgeon is back on ice.
Goals for this period are 3 for Knights vs 2 for Punishers.
Shots for this period are 10 for Knights vs 14 for Punishers.
Back to the Top